 Dungeon Crawl Stone Soup version 0.20.1-1-g8b1a95d66d (webtiles) character file.

145 Peloso the Covered (level 5, -5/46 HPs)
             Began as a Minotaur Fighter on Dec 23, 2017.
             Killed from afar by Ijyb (14 damage)
             ... with a wand of acid (?/15)
             ... on level 3 of the Dungeon.
             The game lasted 00:03:37 (2487 turns).

Peloso the Covered (Minotaur Fighter)               Turns: 2487, Time: 00:03:38

Health: -5/46      AC:  3    Str: 21    XL:     5   Next: 6%
Magic:  4/4        EV:  7    Int:  5    God:
Gold:   106        SH:  9    Dex: 10    Spells: 4/4 levels left

rFire    . . .     SeeInvis .   a - +0 long sword
rCold    . . .     Gourm    .   c - +0 shield
rNeg     . . .     Faith    .   b - +0 scale mail
rPois    .         Spirit   .   (helmet restricted)
rElec    .         Reflect  .   (no cloak)
rCorr    .         Harm     .   (no gloves)
MR       .....                  (no boots)
Stlth    ..........             (no amulet)
Regen    0.2/turn               (no ring)
MPRegen  0.1/turn               (no ring)

@: corroded, drained
A: retaliatory headbutt, horns 2
a: no special abilities


You were on level 3 of the Dungeon.
You were not hungry.

You visited 1 branch of the dungeon, and saw 3 of its levels.

You collected 106 gold pieces.

Inventory:

Hand Weapons
 a - a +0 long sword (weapon)
Armour
 b - a +0 scale mail (worn)
 c - a +0 shield (worn)
Jewellery
 j - an uncursed ring of positive energy {unknown}
 q - an uncursed ring of magical power {unknown}
Scrolls
 e - a scroll of enchant weapon {unknown}
 g - a scroll of magic mapping {unknown}
 i - 3 scrolls of remove curse {unknown}
 m - a scroll of blinking {unknown}
 n - 6 scrolls of identify {unknown}
 o - 2 scrolls of fog {unknown}
 s - a scroll of teleportation {unknown}
 v - a scroll of immolation {unknown}
 x - a scroll of random uselessness {unknown}
Potions
 d - 3 potions of might
 h - 2 potions of cancellation {unknown}
 l - a potion of agility {unknown}
 p - a potion of haste
 t - 2 potions of flight {unknown}
 u - a potion of curing {unknown}
Comestibles
 f - 2 bread rations
 k - a meat ration
 r - 2 royal jellies
 w - 6 chunks of flesh


   Skills:
 + Level 4.1(3.1) Fighting
 + Level 3.2(2.2) Long Blades
 + Level 5.1(4.1) Armour
 + Level 0.4(0.0) Dodging
 + Level 0.3(0.0) Stealth
 + Level 4.9(3.9) Shields


You had 4 spell levels left.
You didn't know any spells.

Dungeon Overview and Level Annotations

Branches:
Dungeon (3/15)

Altars:

Annotations:
D:3 Ijyb


Innate Abilities, Weirdness & Mutations

You reflexively headbutt those who attack you in melee.
You have a pair of horns on your head.


Message History

You feel drained.
Ijyb hits you with a dagger of draining.
* * * LOW HITPOINT WARNING * * *
You feel drained.
* * * LOW HITPOINT WARNING * * *
Okay, then.
You closely miss Ijyb. You headbutt Ijyb.
Ijyb is moderately wounded.
Ijyb hits you with a dagger of draining.
* * * LOW HITPOINT WARNING * * *
You feel drained. Ijyb completely misses you.
You riposte.
You hit Ijyb but do no damage.
Ijyb is moderately wounded.
You slash Ijyb! You headbutt Ijyb, but do no damage.
Ijyb is severely wounded.
Ijyb hits you but does no damage.
You feel drained. You block Ijyb's attack.
You closely miss Ijyb. Your headbutt misses Ijyb.
Ijyb is severely wounded.
Ijyb zaps a wand.
The bolt of acid hits you!
You die...

#..#.#########
#.##.#.#
.#...........
#.##.#.#
..#...#######
#.##.#.#
......#
###.##.#.#
#####.#
#...##.#.#
#####.#
#.####.#.#
......#
#......#.#
#######
#.########.#
#..g@......#
############


You could see Ijyb.

Vanquished Creatures
  9 adders
  A dart slug (D:1)
  3 leopard geckos
  2 orcs (D:3)
  3 giant cockroaches (D:2)
  5 goblins
  10 hobgoblins
  8 kobolds
  2 quokkas
  A ball python (D:2)
  5 bats
  4 frilled lizards
  8 rats
61 creatures vanquished.

Notes
Turn   | Place    | Note
-------+----------+-------------------------------------------
     0 | D:1      | Peloso the Minotaur Fighter began the quest for the Orb.
     0 | D:1      | Reached XP level 1. HP: 19/19 MP: 0/0
    84 | D:1      | Reached XP level 2. HP: 22/27 MP: 1/1
   226 | D:1      | Reached skill level 4 in Armour
   706 | D:2      | Reached XP level 3. HP: 31/33 MP: 2/2
  1267 | D:2      | Reached XP level 4. HP: 35/40 MP: 3/3
  1703 | D:3      | Reached skill level 5 in Armour
  2128 | D:3      | Reached XP level 5. HP: 46/46 MP: 4/4
  2479 | D:3      | Noticed Ijyb
  2487 | D:3      | Killed from afar by Ijyb

Skill      XL: |  1  2  3  4 |
---------------+-------------+-----
Shields        | 4 |  4.9
Armour         | 4 5 |  5.1
Fighting       | 4 |  4.1
Long Blades    | 3 |  3.2
Dodging        | |  0.4
Stealth        | |  0.3

Action                   |  1- 3 |  4- 6 || total
-------------------------+-------+-------++-------
Melee: Long sword        |   114 |    47 ||   161
       Headbutt          |    13 |    13 ||    26
  Eat: Chunk             |     1 |     4 ||     5
Armor: Scale mail        |    51 |    40 ||    91
Dodge: Dodged            |    45 |    24 ||    69
Block: Shield            |    63 |    30 ||    93
       Rpst.: Long sword |     6 |     8 ||    14
